 Dungeon Crawl Stone Soup version 0.25.0-33-gff14898491 (webtiles) character file.

Game seed: 10860135903685470579

782808 EriolAelfwine the Axe Maniac (level 27, -7/197 HPs)
             Began as a Deep Dwarf Fighter on July 5, 2020.
             Was the Champion of Makhleb.
             Mangled by Cerebov
             ... wielding the +6 sword of Cerebov {flame}
              (35 damage)
             ... in Pandemonium on July 6, 2020.
             The game lasted 03:06:16 (57874 turns).

EriolAelfwine the Axe Maniac (Deep Dwarf Fighter)  Turns: 57874, Time: 03:06:16

Health: -7/197     AC: 43    Str: 35 (39) XL:     27
Magic:  13/13      EV: 16    Int: 10 (11) God:    Makhleb [******]
Gold:   7678       SH: 29    Dex:  5      Spells: 26/26 levels left

rFire    + + .     SeeInvis .   e - +9 broad axe (vamp)
rCold    + + .     Gourm    .   K - +1 tower shield {rC+}
rNeg     + + +     Faith    .   l - +8 gold dragon scales
rPois    +         Spirit   .   Y - +2 helmet {Int+3}
rElec    +         Reflect  .   Q - +1 cloak of Jiecla {rN+ MR+ Str+3 Stlth+}
rCorr    +         Harm     .   r - +1 pair of gloves of Foaniq {Str+2}
MR       +++++     Rnd*Rage +   g - +2 pair of boots of Icoodoff {Regen+ Str+3} Stlth ..........Rnd*Tele +
                                I - amulet of the Ban {RegenMP +Blink rElec}
HPRegen  0.00/turn              R - ring "Myuprai" {rF++ EV+4}
MPRegen  0.38/turn              a - ring of Mera {rN+ rCorr Str+5 Dex-5}

@: fire vulnerable, non-regenerating
A: damage resistance, heal wounds, thin skeletal structure 1, berserk 1, blurry
vision 3, clumsy 2, deformed body, deterioration 2, dopey 2, frail 3, low mp 3,
negative energy resistance 1, sense surroundings 3, screaming 2, teleportitis 3,
weak 2, subdued magic 1, no regeneration
}: 4/15 runes: decaying, serpentine, slimy, silver
a: Heal Wounds, Minor Destruction, Lesser Servant of Makhleb, Major Destruction,
Greater Servant of Makhleb, Renounce Religion, Evoke Blink


You were in Pandemonium.
You worshipped Makhleb.
Makhleb was exalted by your worship.
You were not hungry.

You visited 11 branches of the dungeon, and saw 53 of its levels.
You visited Pandemonium 1 time, and saw 2 of its levels.
You visited the Abyss 3 times.
You also visited: Sewer, Ossuary and Ice Cave.

You collected 10594 gold pieces.
You spent 2916 gold pieces at shops.

Inventory:

Hand Weapons
 e - a +9 vampiric broad axe (weapon)
 H - a +7 broad axe of flaming
Armour
 g - the +2 pair of boots of Icoodoff (worn) {Regen+ Str+3}
   (You found it on level 4 of the Depths)

   It affects your strength (+3).
   It increases your rate of regeneration.
 l - +8 gold dragon scales (worn)
 r - the +1 pair of gloves of Foaniq (worn) {Str+2}
   (You found it on level 3 of the Elven Halls)

   It affects your strength (+2).
 K - a +1 tower shield of cold resistance (worn)
 Q - the +1 cloak of Jiecla (worn) {rN+ MR+ Str+3 Stlth+}
   (You bought it in a shop on level 2 of the Orcish Mines)

   It affects your strength (+3).
   It protects you from negative energy.
   It affects your resistance to hostile enchantments.
   It makes you more stealthy.
 Y - a +2 helmet of intelligence (worn)
Jewellery
 a - the ring of Mera (right hand) {rN+ rCorr Str+5 Dex-5}
   (You acquired it on level 12 of the Dungeon)

   [ring of resist corrosion]

   It affects your strength (+5).
   It affects your dexterity (-5).
   It protects you from negative energy.
   It provides partial protection from all sources of acid and corrosion.
 n - a cursed ring of attention {unknown}
 t - the ring "Getavon" {rPois rC+ Slay+2}
   (You found it on level 10 of the Dungeon)

   [ring of protection from cold]

   It affects your accuracy and damage with ranged weapons and melee attacks
   (+2).
   It protects you from cold.
   It protects you from poison.
 I - the amulet of the Ban (around neck) {RegenMP +Blink rElec}
   (You took it off an ogre mage on level 14 of the Dungeon)

   [amulet of magic regeneration]

   It increases your magic regeneration.
   It insulates you from electricity.
   It lets you blink.
 R - the ring "Myuprai" (left hand) {rF++ EV+4}
   (You found it on level 5 of the Pits of Slime)

   [ring of evasion]

   It affects your evasion (+4).
   It greatly protects you from fire.
 X - an uncursed ring of see invisible
Wands
 w - a wand of clouds (13)
 B - a wand of acid (45)
 O - a wand of disintegration (21)
 P - a wand of digging (25)
 W - a wand of iceblast (48)
Scrolls
 b - 24 scrolls of remove curse
 c - a scroll of brand weapon
 j - 2 scrolls of magic mapping
 m - 10 scrolls of identify
 o - a scroll of summoning
 u - 4 scrolls of blinking
 y - 28 scrolls of teleportation
 J - 9 scrolls of fog
 L - 8 scrolls of amnesia
 M - 10 scrolls of immolation
 S - 3 scrolls of fear
 Z - 3 scrolls of silence
Potions
 d - 6 potions of might
 h - 3 potions of cancellation
 i - 8 potions of berserk rage
 k - 21 potions of heal wounds
 p - 14 potions of flight
 q - 14 potions of mutation
 s - 8 potions of lignification
 v - 7 potions of invisibility
 z - 7 potions of magic
 A - 22 potions of curing
 C - 6 potions of resistance
 D - 8 potions of brilliance
 F - 9 potions of ambrosia
 N - 6 potions of haste
Comestibles
 f - 101 rations


   Skills:
 + Level 23.2 Fighting
 O Level 27 Axes
 + Level 26.6 Armour
 + Level 15.2 Dodging
 + Level 26.4 Shields
 - Level 22.0 Invocations


You had 26 spell levels left.
You didn't know any spells.
Your spell library contained the following spells:

 Spells                   Type           Power        Failure   Level  Hunger
 Animate Skeleton         Necr           N/A          83%         1    ##.....
 Apportation              Tloc           #.....       83%         1    ##.....
 Beastly Appendage        Tmut           #.....       83%         1    ##.....
 Corona                   Hex            #......      83%         1    ##.....
 Freeze                   Ice            #...         83%         1    ##.....
 Infusion                 Chrm           #...         83%         1    ##.....
 Magic Dart               Conj           #...         83%         1    ##.....
 Sandblast                Erth           #.....       83%         1    ##.....
 Shock                    Conj/Air       #...         83%         1    ##.....
 Sting                    Tmut/Pois      #...         83%         1    ##.....
 Summon Butterflies       Summ           #.......     83%         1    ##.....
 Summon Small Mammal      Summ           #...         83%         1    ##.....
 Blink                    Tloc           N/A          92%         2    ###....
 Corpse Rot               Necr/Air       N/A          92%         2    ###....
 Ensorcelled Hibernation  Hex/Ice        #.....       92%         2    ###....
 Passwall                 Tmut/Erth      #.......     92%         2    ###....
 Poisonous Vapours        Pois/Air       #.....       92%         2    ###....
 Searing Ray              Conj           #.....       92%         2    ###....
 Shroud of Golubria       Chrm/Tloc      #.....       92%         2    ###....
 Slow                     Hex            #.......     92%         2    ###....
 Song of Slaying          Chrm           #.......     92%         2    ###....
 Sticks to Snakes         Tmut           #.......     92%         2    ###....
 Sublimation of Blood     Necr           #.........   92%         2    ###....
 Swiftness                Chrm/Air       #.......     92%         2    ###....
 Call Canine Familiar     Summ           #.......     99%         3    ####...
 Confusing Touch          Hex            #.......     99%         3    ####...
 Dazzling Flash           Conj/Hex       #.....       99%         3    ####...
 Gell's Gravitas          Tloc           #.........   99%         3    ####...
 Ignite Poison            Fire/Tmut/Pois #.......     99%         3    ####...
 Inner Flame              Hex/Fire       #.......     99%         3    ####...
 Lesser Beckoning         Tloc           #.........   99%         3    ####...
 Mephitic Cloud           Conj/Pois/Air  #.......     99%         3    ####...
 Ozocubu's Armour         Chrm/Ice       #.......     99%         3    ####...
 Portal Projectile        Hex/Tloc       #.....       99%         3    ####...
 Recall                   Summ/Tloc      N/A          99%         3    ####...
 Spectral Weapon          Hex/Chrm       #.......     99%         3    ####...
 Spider Form              Tmut/Pois      #.........   99%         3    ####...
 Static Discharge         Conj/Air       #.......     99%         3    ####...
 Stone Arrow              Conj/Erth      #.....       99%         3    ####...
 Teleport Other           Tloc           #.......     99%         3    ####...
 Tukima's Dance           Hex            #.......     99%         3    ####...
 Airstrike                Air            #.........   100%        4    #####..
 Animate Dead             Necr           N/A          100%        4    #####..
 Cause Fear               Hex            #.........   100%        4    #####..
 Dispel Undead            Necr           #.......     100%        4    #####..
 Fulminant Prism          Conj/Hex       #.........   100%        4    #####..
 Hailstorm                Conj/Ice       #.......     100%        4    #####..
 Ice Form                 Ice/Tmut       #.......     100%        4    #####..
 Iskenderun's Mystic Bla  Conj/Tloc      #.......     100%        4    #####..
 Leda's Liquefaction      Hex/Erth       #.........   100%        4    #####..
 Olgreb's Toxic Radiance  Pois           #.......     100%        4    #####..
 Passage of Golubria      Tloc           N/A          100%        4    #####..
 Petrify                  Tmut/Erth      #.......     100%        4    #####..
 Sticky Flame             Conj/Fire      #.......     100%        4    #####..
 Summon Ice Beast         Ice/Summ       #.......     100%        4    #####..
 Summon Lightning Spire   Summ/Air       #.......     100%        4    #####..
 Agony                    Necr           #.......     100%        5    ######.
 Alistair's Intoxication  Tmut/Pois      #.......     100%        5    ######.
 Aura of Abjuration       Summ           #.........   100%        5    ######.
 Blade Hands              Tmut           #.........   100%        5    ######.
 Borgnjor's Vile Clutch   Necr/Erth      #.........   100%        5    ######.
 Excruciating Wounds      Chrm/Necr      #.........   100%        5    ######.
 Fireball                 Conj/Fire      #.........   100%        5    ######.
 Irradiate                Conj/Tmut      #.........   100%        5    ######.
 Lee's Rapid Deconstruct  Erth           #.........   100%        5    ######.
 Lightning Bolt           Conj/Air       #.........   100%        5    ######.
 Metabolic Englaciation   Hex/Ice        #.........   100%        5    ######.
 Silence                  Hex/Air        #.........   100%        5    ######.
 Summon Demon             Summ           #.........   100%        5    ######.
 Summon Forest            Summ/Tloc      #.........   100%        5    ######.
 Summon Mana Viper        Hex/Summ       #.......     100%        5    ######.
 Yara's Violent Unravell  Hex/Tmut       #.........   100%        5    ######.
 Conjure Ball Lightning   Conj/Air       #.........   100%        6    #######
 Darkness                 Hex            #.........   100%        6    #######
 Death Channel            Necr           #.........   100%        6    #######
 Eringya's Noxious Bog    Tmut/Pois      #.........   100%        6    #######
 Hydra Form               Tmut           #.........   100%        6    #######
 Invisibility             Hex            #.......     100%        6    #######
 Shadow Creatures         Summ           N/A          100%        6    #######
 Simulacrum               Ice/Necr       #.........   100%        6    #######
 Starburst                Conj/Fire      #.........   100%        6    #######
 Statue Form              Tmut/Erth      #........    100%        6    #######
 Dragon Form              Tmut           #.........   100%        7    #######
 Ring of Flames           Chrm/Fire      #.........   100%        7    #######
 Summon Hydra             Summ           #.........   100%        7    #######
 Ignition                 Fire           #.........   100%        8    #######
 Shatter                  Erth           #.........   100%        9    #######
 Tornado                  Air            #.........   100%        9    #######


Dungeon Overview and Level Annotations

Branches:
Dungeon (15/15)            Temple (1/1) D:5            Lair (6/6) D:11
  Swamp (4/4) Lair:3        Snake (4/4) Lair:3        Slime (5/5) Lair:6
    Orc (2/2) D:9             Elf (3/3) Orc:2        Vaults (5/5) D:13
  Crypt (3/3) Vaults:2       Tomb (0/3) Crypt:3      Depths (5/5) D:15
    Zot (0/5) Depths:5      Sewer (visited)         Ossuary (visited)
  IceCv (visited)

Altars:
Ashenzari
Cheibriados
Dithmenos
Elyvilon
Fedhas
Gozag
Hepliaklqana
Kikubaaqudgha
Makhleb
Nemelex Xobeh
Okawaru
Qazlal
Ru
Sif Muna
Trog
Uskayaw
Vehumet
Wu Jian
Xom
Yredelemnul
Zin
The Shining One
Beogh

Shops:
D:7 =   D:8 (   D:14 ?   Orc:2 ((}[   Elf:2 [*(*(   Snake:1 ==}   Vaults:1 *
Vaults:3 (

Portals:
Hell: Depths:1 Depths:2 Depths:3 Depths:4 Depths:5
Abyss: Depths:4 Depths:5
Pandemonium: Depths:3 Depths:4
Ziggurat: Depths:5

Annotations:
Elf:2 1 runed translucent door
Depths:3 exclusion: orange crystal statue
Pan Cerebov


Innate Abilities, Weirdness & Mutations

You are resistant to damage.
You can heal yourself by infusing magical energy.
You resist negative energy. (rN+)
You passively map a large area around you.
You do not regenerate.
You have a somewhat thin skeletal structure. (Dex +2, Stealth)
You tend to lose your temper in combat.
Scrolls take you much longer to read.
You are very clumsy. (Dex -4)
Armour fits poorly on your strangely shaped body.
Your body often deteriorates upon taking damage.
You are very dopey. (Int -4)
You are extremely frail. (-30% HP)
Your magical capacity is extremely low. (-30% MP)
You sometimes yell uncontrollably at your foes.
You are often teleported next to monsters.
You are very weak. (Str -4)
Your spells are a little easier to cast, but a little less powerful.


Message History

You are engulfed in blazing flames.
You resist.
Your magical essence is drained by the effort!
You feel much better.
You are engulfed in blazing flames.
You resist. You block Cerebov's attack. x2
You hit Cerebov but do no damage.
Cerebov is almost dead.
You are engulfed in blazing flames.
You resist.
* * * LOW HITPOINT WARNING * * *
You barely miss Cerebov.
Cerebov is almost dead.
You are engulfed in blazing flames.
You resist. You block Cerebov's attack.
You slice Cerebov!!
Cerebov is almost dead.
Cerebov hits you with the +6 sword of Cerebov {flame}!!
* * * LOW HITPOINT WARNING * * *
The sword of Cerebov burns away your fire resistance.
You barely miss Cerebov.
Cerebov is almost dead.
Cerebov hits you with the +6 sword of Cerebov {flame}!!!
You die...

...........#, #3#...#.# , #.#
.........#.#### #.......## #.#*
...........'..#............ #.#
.........#.#..#........... #.#
...........#..#............,*#.#
.........#.#..#....#.3.#.... #.#,
...........#..#...##'''##...##.#
.....#.#.#.#..#####1....#### #.#
.#.#.......#....@&23.......###.#
##.###'#####################...#*
.....#.#####################.'###
##.###.......................#...
##.###########################)).
.....# .##..# .##..##..#...
.#.#.# #.....................####
.....###.........................
.................................


You could see Cerebov (fast), an Ice Fiend (summoned), a balrug and a sun demon.

Vanquished Creatures
  the Royal Jelly (Slime:5)
  2 juggernauts
  2 ancient liches
  A greater mummy (Depths:4)
  Boris (Crypt:3)
  Saint Roka (Depths:2)
  Bai Suzhen (Snake:3)
  Vashnia (Snake:3)
  A caustic shrike (Depths:2)
  Jory (Crypt:3)
  4 golden dragons
  Nikola (Elf:2)
  12 bone dragons
  6 profane servitors
  A Tzitzimitl (Pan)
  2 hellephants (Abyss:5)
  Rupert (Lair:3)
  A Hell Sentinel (Abyss:5)
  3 tentacled monstrosities
  10 liches
  4 titans
  4 sphinxes
  3 deep elf master archers (Elf:3)
  2 deep elf blademasters (Elf:3)
  28 tentacled starspawn
  34 acid blobs
  4 Executioners
  6 shadow dragons
  Gastronok (D:10)
  12 tengu reavers
  6 ancient champions
  2 thorn hunters
  A storm dragon (Vaults:4)
  Agnes (Snake:3)
  12 azure jellies
  7 nagarajas
  A pandemonium lord (Pan)
  3 revenants
  5 daevas
  A draconian monk (Depths:5)
  11 balrugs
  7 deep elf sorcerers
  13 fire giants
  5 iron dragons
  A caustic shrike zombie (Depths:4)
  2 warmongers (Pan)
  The ghost of pickledwalnut the Blocker, a journeyman GnFi of Jiyva (Snake:1)
  8 deep elf elementalists
  19 vault wardens
  2 curse skulls
  2 draconian scorchers
  10 frost giants
  2 orc warlords
  2 cacodemons
  A ghoul (Crypt:3)
  14 ironheart preservers
  2 reapers
  A draconian stormcaller (Abyss:5)
  3 angels
  A draconian annihilator (Abyss:5)
  23 very ugly things
  25 stone giants
  3 corrupters (Pan)
  An entropy weaver (Vaults:5)
  3 ophanim (Abyss:5)
  Nessos (Lair:5)
  3 war gargoyles (Vaults:5)
  7 deep elf demonologists
  A green draconian (Depths:5)
  8 vampire knights
  3 lorocyprocas
  7 deep elf annihilators
  2 red draconians (Depths:5)
  2 white draconians
  7 spark wasps
  10 death oozes
  A merfolk javelineer (Depths:5)
  2 blizzard demons
  17 ettins
  2 crystal guardians (Abyss:1)
  4 deep elf high priests
  10 deep elf death magi
  A quicksilver dragon zombie (Depths:4)
  7 green deaths
  23 jiangshi
  Snorg (D:10)
  An eidolon (Crypt:1)
  41 vault guards
  15 yaktaur captains
  12 great orbs of eyes
  Fannar (D:10)
  20 ogre magi
  7 fire dragons
  A merfolk impaler (Depths:5)
  9 ice dragons
  11 rakshasas
  19 naga warriors
  28 hydras
  2 spriggan air magi
  5 ghost crabs
  9 anacondas
  2 shambling mangroves
  7 death knights
  19 alligators
  12 centaur warriors
  32 dancing weapons
  5 deep troll shamans
  51 two-headed ogres
  7 tengu warriors
  A spriggan berserker (Depths:5)
  6 deep troll earth magi
  9 vampire magi
  4 orc high priests (Orc:2)
  6 death yaks (Lair:5)
  12 naga sharpshooters
  5 shock serpents
  12 hell hogs
  58 thrashing horrors
  15 deep elf knights
  23 sun demons
  35 skeletal warriors
  13 hell knights
  3 iron trolls
  4 soul eaters
  44 wretched stars
  11 shadow wraiths
  9 sixfirhies
  A fire crab (shapeshifter) (Vaults:5)
  A torturous demonspawn (Pan)
  18 spatial maelstroms
  3 death drakes
  15 glowing orange brains
  2 salamander mystics (Snake:2)
  4 unseen horrors
  2 wizards
  3 spriggan druids
  6 naga ritualists
  43 small abominations
  5 flayed ghosts
  A tengu zombie (Depths:4)
  An infernal demonspawn (Pan)
  10 swamp dragons
  A gelid demonspawn (Pan)
  2 cherubim (Abyss:5)
  An orange crystal statue (Depths:3)
  An anaconda zombie (Abyss:5)
  3 shadow demons
  14 deep trolls
  A golden dragon skeleton (Crypt:2)
  11 ironbrand convokers
  2 lindwurms (Lair:6)
  A sphinx zombie (Depths:4)
  12 deep elf archers
  3 shadow dragon zombies
  4 spectral hydras
  2 harpies (shapeshifter)
  9 necromancers
  A tengu skeleton (Vaults:1)
  6 phantasmal warriors
  An orb spider (Abyss:5)
  12 mana vipers
  A stone giant zombie (Abyss:5)
  12 shining eyes
  65 deep elf magi
  18 orc knights
  9 orc sorcerers
  6 wolf spiders
  A wolf spider zombie (D:14)
  A manticore (D:11)
  5 worldbinders
  A statue (Abyss:5)
  43 ugly things
  5 cyclopes
  10 salamanders
  A shock serpent zombie (Abyss:5)
  2 elephants (shapeshifter)
  Maurice (D:11)
  14 vault sentinels
  A fire giant skeleton (Crypt:1)
  3 guardian serpents
  6 elephants
  2 frost giant zombies
  2 ice statues (IceCv)
  3 eyes of devastation
  29 naga magi
  6 orange demons
  4 spectral swamp worms (Depths:4)
  2 guardian serpents (shapeshifter)
  34 smoke demons
  16 spiny frogs
  45 black mambas
  2 rust devils (Abyss:5)
  7 apocalypse crabs
  A gargoyle (D:11)
  An alligator snapping turtle zombie (Crypt:1)
  Maggie (Lair:1)
  5 torpor snails (Lair:6)
  8 hellions
  A centaur skeleton (D:14)
  3 spiny frogs (shapeshifter)
  8 rime drakes
  A catoblepas skeleton (Crypt:1)
  17 freezing wraiths
  4 swamp worm zombies (Swamp:3)
  2 anaconda simulacra (Depths:3)
  2 hellwings
  31 yaktaurs
  2 spectral merfolk (Depths:3)
  A yaktaur (shapeshifter) (Depths:2)
  10 red devils
  13 efreet
  5 komodo dragons
  3 demonic crawlers
  A troll (shapeshifter) (Elf:1)
  A human skeleton (Vaults:3)
  A jumping spider (shapeshifter) (Elf:3)
  A queen bee (shapeshifter) (D:15)
  A ghost moth simulacrum (Abyss:5)
  A hydra zombie (Abyss:5)
  A harpy skeleton (Abyss:5)
  A harpy zombie (D:13)
  3 guardian mummies (Depths:4)
  A queen bee (D:9)
  10 trolls
  7 tengu conjurers
  14 polar bears
  25 ancient zymes
  A hydra skeleton (Abyss:5)
  11 tyrant leeches
  132 slime creatures
  3 alligator zombies (Swamp:3)
  A meliai (shapeshifter) (Abyss:5)
  14 hornets
  A hornet (shapeshifter) (Vaults:1)
  92 raiju
  16 blink frogs
  14 bog bodies
  14 hippogriffs
  A fire dragon zombie (Crypt:3)
  A slime creature (shapeshifter) (Abyss:1)
  2 elf zombies (Depths:4)
  10 dream sheep (Lair:6)
  75 large abominations
  2 hippogriffs (shapeshifter)
  2 fire giant simulacra
  An ettin zombie (Abyss:5)
  3 spectral swamp dragons (Swamp:3)
  2 snapping turtles (shapeshifter)
  79 flying skulls
  4 air elementals
  A wyvern (D:14)
  3 vampires
  A tarantella (shapeshifter) (Vaults:1)
  4 spriggans
  18 ynoxinuls
  A yak (shapeshifter) (Depths:4)
  22 water elementals
  22 shadows
  A satyr skeleton (Crypt:2)
  15 wraiths
  68 yaks
  2 spriggans (shapeshifter)
  A tyrant leech zombie (Swamp:3)
  2 basilisks (shapeshifter)
  3 hungry ghosts
  24 vampire mosquitoes
  12 golden eyes
  2 basilisks
  27 neqoxecs
  4 fire elementals
  2 steam dragons
  A wind drake skeleton (Crypt:1)
  3 human simulacra
  A yaktaur simulacrum (Vaults:3)
  15 spatial vortices
  19 chaos spawn
  14 insubstantial wisps
  7 spiny frog zombies
  49 nagas
  A gelid demonspawn zombie (Crypt:1)
  2 harpy simulacra
  An acid dragon (D:14)
  11 hell hounds
  14 swamp worms
  13 wargs
  21 water moccasins
  6 porcupines
  2 soldier ants (D:8)
  2 spectral spriggans (Depths:3)
  2 floating eyes
  2 spectral trolls (Depths:3)
  Purgy (Sewer)
  63 orc warriors
  11 eyes of draining
  A black bear (shapeshifter) (Vaults:1)
  A hydra simulacrum (Depths:3)
  9 swamp drakes
  4 ice beasts
  2 sky beasts
  201 starcursed masses
  4 phantoms
  A sky beast (shapeshifter) (Depths:3)
  3 boggarts (Depths:2)
  7 centaurs
  31 wolves
  55 ogres
  5 necrophages
  A snapping turtle skeleton (Abyss:3)
  11 crocodiles
  4 big kobolds
  A fire crab zombie (Crypt:1)
  16 bullfrogs
  A spiny frog simulacrum (Crypt:3)
  9 gnoll sergeants
  A wyvern zombie (D:15)
  4 earth elementals
  A water moccasin zombie (D:10)
  2 merfolk simulacra (Depths:3)
  An ogre simulacrum (Vaults:1)
  A warg zombie (Crypt:2)
  A scorpion (D:10)
  2 wyvern skeletons
  27 killer bees
  3 spectral ogres (Depths:3)
  A spriggan zombie (Swamp:3)
  3 troll zombies (Swamp:3)
  5 howler monkeys
  2 wights (Depths:3)
  An electric eel (Lair:1)
  14 crimson imps
  3 quasits
  4 jellies
  2 iron imps
  45 orc priests
  3 centaur zombies
  Crazy Yiuf (D:6)
  6 hounds
  29 orc wizards
  Jessica (D:2)
  A demonspawn skeleton (Crypt:2)
  8 iguanas
  9 worker ants
  A spriggan simulacrum (Depths:3)
  A naga zombie (Crypt:1)
  An ogre zombie (Crypt:2)
  4 big kobold zombies (Ossuary)
  2 centaur simulacra (Depths:3)
  2 deep dwarf skeletons (Crypt:1)
  A hound zombie (Crypt:1)
  2 hound skeletons
  11 mummies
  A worker ant zombie (Crypt:1)
  A howler monkey skeleton (D:4)
  10 gnolls
  A gnoll (shapeshifter) (Vaults:5)
  A scorpion zombie (Crypt:2)
  16 adders
  A naga simulacrum (Depths:3)
  2 river rats
  3 white imps
  4 ufetubi
  4 oozes
  An adder skeleton (D:4)
  An adder zombie (D:6)
  2 worms
  5 dart slugs
  4 leopard geckos
  149 orcs
  9 bats
  7 giant cockroaches
  13 goblins
  9 hobgoblins
  16 jackals
  18 kobolds
  3 quokkas
  7 ball pythons
  A frilled lizard (D:1)
  2 goblin zombies (D:8)
  2 hobgoblin zombies (Ossuary)
  A quokka skeleton (D:4)
  A quokka zombie (Crypt:2)
  11 rats
  6 briar patches (Swamp:2)
  A butterfly (Lair:6)
  8 crawling corpses
  2 fire vortices (Pan)
  3 fungi
  6 lurking horrors
  8 plants
  49 starspawn tentacles
  A withered plant (Swamp:3)
3743 creatures vanquished.

Vanquished Creatures (collateral kills)
  The ghost of Jacimip the Whirler, a journeyman HaHu of Okawaru (Swamp:3)
  An ettin (Vaults:5)
  A small abomination (Vaults:5)
  An ogre mage (Vaults:5)
  A shambling mangrove (Swamp:3)
  An alligator (Swamp:3)
  An orc knight (Vaults:5)
  2 spiny frogs (Swamp:3)
  2 hornets (Swamp:3)
  A crawling corpse (Vaults:5)
12 creatures vanquished.

Vanquished Creatures (others)
  A lich (Depths:2)
  Louise (Depths:5)
  2 balrugs (Pan)
  A blizzard demon (Abyss:5)
  3 hydras (Swamp:4)
  An anaconda (Snake:3)
  A naga warrior (Snake:4)
  A wretched star (Abyss:5)
  A deep elf knight (Elf:2)
  A death drake (Depths:3)
  A deep elf archer (Elf:1)
  A spectral swamp worm (Depths:4)
  A komodo dragon (Lair:6)
  A red devil (Abyss:5)
  An ancient zyme (Abyss:5)
  3 hornets
  2 raiju (Abyss:5)
  2 blink frogs (Abyss:5)
  3 spriggans (Swamp:4)
  A flying skull (Abyss:5)
  A shadow (D:13)
  3 large abominations (Abyss:5)
  A wraith (Depths:3)
  A ynoxinul (Pan)
  A neqoxec (Abyss:5)
  A minotaur simulacrum (Depths:3)
  An insubstantial wisp (Swamp:4)
  4 swamp drakes (Swamp:4)
  4 small abominations (Abyss:5)
  An orc warrior (Vaults:2)
  An ogre (Depths:2)
  A wight (Depths:3)
  A crimson imp (D:14)
  A starcursed mass (Abyss:5)
  A jelly (Abyss:3)
  A troll simulacrum (Depths:3)
  2 orcs
  A fire vortex (Pan)
  5 fungi
  3 lurking horrors (Abyss:5)
  21 plants
  50 starspawn tentacles
135 creatures vanquished.

Grand Total: 3890 creatures vanquished

Notes
Turn   | Place    | Note
-------+----------+-------------------------------------------
     0 | D:1      | EriolAelfwine the Deep Dwarf Fighter began the quest for
                  | the Orb.
     0 | D:1      | Reached XP level 1. HP: 20/20 MP: 1/1
   191 | D:1      | Reached XP level 2. HP: 24/27 MP: 2/2
   352 | D:1      | Reached skill level 3 in Axes
   405 | D:1      | Reached XP level 3. HP: 29/33 MP: 3/3
   987 | D:2      | Noticed Jessica
   996 | D:2      | Killed Jessica
   996 | D:2      | Reached XP level 4. HP: 34/42 MP: 4/4
  1177 | D:2      | Found a blossoming altar of Fedhas.
  1351 | D:2      | Found a faded altar of an unknown god.
  1427 | D:2      | Reached skill level 4 in Axes
  1427 | D:2      | Reached XP level 5. HP: 24/49 MP: 5/5
  1850 | D:3      | Found a glowing drain.
  1871 | Sewer    | Entered a sewer
  1898 | Sewer    | Noticed Purgy
  1918 | Sewer    | Killed Purgy
  1918 | Sewer    | Reached XP level 6. HP: 43/57 MP: 6/6
  2333 | D:3      | Reached skill level 5 in Axes
  2443 | D:3      | Found a glowing silver altar of Zin.
  2981 | D:4      | Found a basalt altar of Yredelemnul.
  3007 | D:4      | Reached XP level 7. HP: 61/64 MP: 6/6
  3032 | D:4      | Reached skill level 5 in Armour
  3044 | D:4      | Found a shadowy altar of Dithmenos.
  3204 | D:4      | Found an iron altar of Okawaru.
  3291 | D:4      | Reached skill level 5 in Shields
  3483 | D:5      | Entered Level 5 of the Dungeon
  3512 | D:5      | Found a staircase to the Ecumenical Temple.
  3519 | Temple   | Entered the Ecumenical Temple
  3770 | D:5      | Reached skill level 6 in Axes
  3804 | D:5      | Found a hide-covered altar of Uskayaw.
  3804 | D:5      | Noticed a +0 hand axe
  3804 | D:5      | Noticed a +0 dagger
  4386 | D:6      | Reached XP level 8. HP: 57/73 MP: 7/7
  4437 | D:6      | Reached skill level 7 in Axes
  4486 | D:6      | Found a bloodstained altar of Trog.
  4849 | D:6      | Found a runed translucent door.
  4850 | D:6      | Noticed Crazy Yiuf
  5056 | D:6      | Killed Crazy Yiuf
  5154 | D:7      | Reached skill level 5 in Fighting
  5414 | D:7      | Reached skill level 8 in Axes
  5525 | D:7      | Found Uschaq's Jewellery Emporium.
  5651 | D:7      | Gained mutation: You passively map the area around you.
                  | [Deep Dwarf growth]
  5651 | D:7      | Reached XP level 9. HP: 69/81 MP: 8/8
  5974 | D:8      | Found a shimmering blue altar of Sif Muna.
  5974 | D:8      | Found an ornate altar of the Wu Jian Council.
  6014 | D:8      | Found a sand-covered staircase.
  6022 | Ossuary  | Entered an ossuary
  6096 | Ossuary  | Reached skill level 9 in Axes
  6226 | D:8      | Found an ornate altar of the Wu Jian Council.
  6262 | D:8      | Found Liatiah's Antique Weapon Shoppe.
  6273 | D:8      | Bought a runed broad axe for 182 gold pieces
  6725 | D:9      | Noticed a queen bee
  6765 | D:9      | Reached skill level 10 in Axes
  6806 | D:9      | Noticed a tengu conjurer
  6843 | D:9      | HP: 1/84 [tengu conjurer/bolt of lightning (21)]
  6849 | D:9      | Killed a tengu conjurer
  6913 | D:9      | Reached XP level 10. HP: 53/92 MP: 9/9
  7089 | D:9      | Found a staircase to the Orcish Mines.
  7235 | D:9      | Reached skill level 11 in Axes
  7517 | D:9      | Found a burning altar of Makhleb.
  7531 | D:9      | Became a worshipper of Makhleb the Destroyer
  7733 | D:10     | Entered Level 10 of the Dungeon
  7791 | D:10     | Noticed Gastronok
  7817 | D:10     | Killed Gastronok
  7817 | D:10     | Reached XP level 11. HP: 78/100 MP: 7/9
  8013 | D:10     | Got a wavering ivory ring
  8017 | D:10     | Identified the ring "Getavon" {rPois rC+ Slay+2} (You found
                  | it on level 10 of the Dungeon)
  8029 | D:10     | Got a masterwork dagger
  8047 | D:10     | Identified the +8 dagger of the Past {drain, +Blink Stlth+}
                  | (You found it on level 10 of the Dungeon)
  8120 | D:10     | Reached skill level 12 in Axes
  8195 | D:10     | Reached * piety under Makhleb
  8208 | D:10     | Noticed Snorg
  8227 | D:10     | Killed Snorg
  8420 | D:10     | Noticed Fannar
  8479 | D:10     | Killed Fannar
  8492 | D:10     | Found a glowing golden altar of the Shining One.
  8801 | D:11     | Noticed Maurice
  8821 | D:11     | Killed Maurice
  8830 | D:11     | Found a staircase to the Lair.
  8948 | D:11     | Reached skill level 5 in Invocations
  9066 | D:11     | Reached ** piety under Makhleb
  9103 | D:11     | Reached skill level 10 in Armour
  9149 | D:11     | Noticed a seven-headed hydra
  9726 | D:12     | Killed an unseen horror
  9726 | D:12     | Reached skill level 13 in Axes
  9807 | D:12     | Reached skill level 10 in Shields
  9807 | D:12     | Reached XP level 12. HP: 84/112 MP: 13/13
  9903 | D:12     | Got a transparent ring mail
  9914 | D:12     | Identified the cursed +1 ring mail "Eryfay" {rF+ rC+ Regen+
                  | Stlth+} (You found it on level 12 of the Dungeon)
  9926 | D:12     | Identified a scroll of acquirement
  9927 | D:12     | Got the ring of Mera {rN+ rCorr Str+5 Dex-5}
 10542 | D:13     | Noticed a two-headed ogre
 10548 | D:13     | Noticed a six-headed hydra
 10553 | D:13     | Killed a two-headed ogre
 10561 | D:13     | Killed a six-headed hydra
 10619 | D:13     | Reached *** piety under Makhleb
 10809 | D:13     | Found a gate to the Vaults.
 10809 | D:13     | Noticed a vault guard
 10809 | D:13     | Noticed a vault guard
 10809 | D:13     | Noticed a vault guard
 10809 | D:13     | Noticed a vault guard
 10809 | D:13     | Noticed a centaur warrior
 10850 | D:12     | Killed a centaur warrior
 10855 | D:12     | Killed a vault guard
 10876 | D:12     | Killed a vault guard
 10876 | D:12     | Reached skill level 14 in Axes
 10884 | D:12     | Killed a vault guard
 10906 | D:13     | Killed a vault guard
 11366 | D:14     | Found Evuclith's Magic Scroll Boutique.
 11379 | D:14     | Bought a scroll of acquirement for 936 gold pieces
 11380 | D:14     | Got the amulet of Elomomn {Spirit rN+}
 11448 | D:14     | Noticed a centaur warrior
 11458 | D:14     | Killed a centaur warrior
 11504 | D:14     | Reached **** piety under Makhleb
 11548 | D:14     | Reached XP level 13. HP: 118/121 MP: 0/16
 11886 | D:14     | Identified the amulet "Moag" {Faith Dex+4}
 11888 | D:14     | Identified the ring "Vatat" {*Corrode rElec rPois rF++ rN+
                  | Str+2}
 11932 | D:14     | Identified the amulet of the Ban {RegenMP +Blink rElec}
 11941 | D:14     | Identified the ring "Mefamuca" {Ice Str+2 Slay+2}
 12133 | D:14     | Reached ***** piety under Makhleb
 12133 | D:14     | Reached skill level 15 in Axes
 12257 | D:15     | Entered Level 15 of the Dungeon
 12281 | D:15     | Found a frozen archway.
 12295 | IceCv    | Entered an ice cave
 12687 | IceCv    | Noticed a frost giant
 12711 | IceCv    | Killed a frost giant
 12711 | IceCv    | Reached skill level 10 in Fighting
 13564 | D:15     | Gained mutation: You resist negative energy. (rN+) [Deep
                  | Dwarf growth]
 13564 | D:15     | Reached XP level 14. HP: 113/132 MP: 0/18
 13573 | D:15     | Reached skill level 10 in Invocations
 13780 | D:15     | Found a staircase to the Depths.
 14044 | Lair:1   | Entered Level 1 of the Lair of Beasts
 14404 | Lair:1   | Reached skill level 16 in Axes
 14443 | Lair:1   | Noticed Maggie
 14457 | Lair:1   | Killed Maggie
 15626 | Lair:3   | Reached ****** piety under Makhleb
 15784 | Lair:3   | Found a staircase to the Snake Pit.
 15972 | Lair:3   | Found a staircase to the Swamp.
 16096 | Lair:3   | Noticed Rupert
 16106 | Lair:3   | Killed Rupert
 16625 | Lair:4   | Got an ichor-stained leather armour
 16639 | Lair:4   | Identified the +1 leather armour of Liberty {Str-2 Dex+5}
                  | (You found it on level 4 of the Lair of Beasts)
 17184 | Lair:5   | Found a transporter.
 17223 | Lair:5   | Reached XP level 15. HP: 140/140 MP: 0/20
 17613 | Lair:5   | Noticed Nessos
 17637 | Lair:5   | Killed Nessos
 17665 | Lair:5   | Found a transporter.
 17930 | Lair:5   | Reached skill level 17 in Axes
 18526 | Lair:5   | Got a warped granite ring
 18554 | Lair:5   | Identified the ring "Hoibbiq" {rF+ Int+3 Dex+2 Stlth+} (You
                  | found it on level 5 of the Lair of Beasts)
 18697 | Lair:6   | Entered Level 6 of the Lair of Beasts
 18756 | Lair:6   | Found a staircase to the Slime Pits.
 18943 | Lair:6   | Found a runed translucent door.
 19082 | Lair:6   | Paralysed by a hornet for 2 turns
 19828 | Orc:1    | Entered Level 1 of the Orcish Mines
 20037 | Orc:1    | You fall into a shaft and drop 1 floor!
 20037 | Orc:2    | Entered Level 2 of the Orcish Mines
 20871 | Orc:2    | Found a staircase to the Elven Halls.
 20997 | Orc:2    | Found a roughly hewn altar of Beogh.
 21118 | Orc:2    | Found Ykezud's Antique Armour Boutique.
 21136 | Orc:2    | Bought a twisted cloak for 294 gold pieces
 21140 | Orc:2    | Bought a pair of runed boots for 232 gold pieces
 21150 | Orc:2    | Identified the +1 cloak of Jiecla {rN+ MR+ Str+3 Stlth+}
                  | (You bought it in a shop on level 2 of the Orcish Mines)
 21168 | Orc:2    | Found Gaamasch's Gadget Shop.
 21387 | Orc:2    | Noticed an orc warlord
 21392 | Orc:2    | Found a roughly hewn altar of Beogh.
 21405 | Orc:2    | Reached skill level 18 in Axes
 21413 | Orc:2    | Killed an orc warlord
 21427 | Orc:2    | Reached XP level 16. HP: 152/152 MP: 22/22
 21502 | Orc:2    | Found Qesih's Weapon Boutique.
 21571 | Orc:2    | Found Depa's Weapon Shoppe.
 22235 | Swamp:1  | Entered Level 1 of the Swamp
 22534 | Swamp:1  | You fall into a shaft and drop 1 floor!
 23446 | Swamp:2  | Noticed a thorn hunter
 23460 | Swamp:2  | Killed a thorn hunter
 23821 | Swamp:3  | Found a transporter.
 23822 | Swamp:3  | Noticed Jacimip's ghost (journeyman HaHu)
 23887 | Swamp:3  | Found a transporter.
 23892 | Swamp:3  | Reached skill level 1 in Dodging
 23916 | Swamp:3  | Killed Jacimip's ghost
 25000 | Swamp:4  | Entered Level 4 of the Swamp
 25084 | Swamp:4  | Reached XP level 17. HP: 162/162 MP: 24/24
 25166 | Swamp:4  | Reached skill level 5 in Dodging
 25245 | Swamp:4  | Got a decaying rune of Zot
 25447 | Swamp:4  | Reached skill level 15 in Shields
 25487 | Swamp:4  | Reached skill level 15 in Armour
 26015 | Snake:1  | Entered Level 1 of the Snake Pit
 26015 | Snake:1  | Found a runed translucent door.
 26018 | Snake:1  | Noticed pickledwalnut's ghost (journeyman GnFi)
 26046 | Snake:1  | Killed pickledwalnut's ghost
 26046 | Snake:1  | Reached skill level 15 in Invocations
 26379 | Snake:1  | Found Gepaheo's Gadget Emporium.
 26379 | Snake:1  | Found Nyikec's Jewellery Shop.
 26380 | Snake:1  | Found Toteah's Jewellery Shop.
 27635 | Snake:3  | Found a sparkling altar of Nemelex Xobeh.
 27638 | Snake:3  | Noticed Vashnia
 27640 | Snake:3  | Noticed Agnes
 27649 | Snake:3  | Killed Agnes
 27700 | Snake:3  | Killed Vashnia
 27700 | Snake:3  | Gained mutation: You passively map a large area around you.
                  | [Deep Dwarf growth]
 27700 | Snake:3  | Reached XP level 18. HP: 151/172 MP: 26/26
 28005 | Snake:3  | Noticed Bai Suzhen
 28041 | Snake:3  | Killed Bai Suzhen
 28276 | Snake:4  | Entered Level 4 of the Snake Pit
 28806 | Snake:4  | Got a serpentine rune of Zot
 28852 | Snake:4  | Reached skill level 19 in Axes
 29427 | Elf:1    | Entered Level 1 of the Elven Halls
 29428 | Elf:1    | Upgraded the game from 0.25.0-26-g0c896c7088 to
                  | 0.25.0-33-gff14898491
 29734 | Elf:1    | Noticed a Brimstone Fiend
 29741 | Elf:1    | Reached XP level 19. HP: 183/183 MP: 27/27
 30068 | Elf:1    | Found a runed translucent gate.
 30068 | Elf:1    | Found a runed translucent gate.
 30068 | Elf:1    | Found a runed translucent gate.
 30068 | Elf:1    | Found a runed translucent gate.
 30068 | Elf:1    | Found a runed translucent gate.
 30070 | Elf:1    | Found a runed translucent gate.
 30171 | Elf:1    | Found a radiant altar of Vehumet.
 30526 | Elf:2    | Found Omeiluu's Antique Armour Shop.
 30527 | Elf:2    | Found Biaraid's Antique Weapon Shoppe.
 30569 | Elf:2    | Bought a pair of runed boots for 217 gold pieces
 30569 | Elf:2    | Bought a bronze scale mail for 261 gold pieces
 30601 | Elf:2    | Identified the +5 scale mail "Hemmueseac" {+Fly Str+2
                  | Int+4} (You bought it in a shop on level 2 of the Elven
                  | Halls)
 30604 | Elf:2    | Bought a pair of embroidered gloves for 217 gold pieces
 30645 | Elf:2    | Found Beetog's Assorted Antiques.
 30663 | Elf:2    | Bought a blackened broad axe for 315 gold pieces
 30663 | Elf:2    | Identified the +7 broad axe of the End {drain, *Corrode MR+
                  | Int+6 SInv} (You bought it in a shop on level 2 of the
                  | Elven Halls)
 30680 | Elf:2    | Found Kohoesiw's Weapon Boutique.
 30721 | Elf:2    | Found Poph's Assorted Antiques.
 30730 | Elf:2    | Bought a scroll of enchant weapon for 262 gold pieces
 30771 | Elf:2    | Found a runed translucent door.
 30797 | Elf:2    | Found a runed translucent door.
 30989 | Elf:2    | Reached skill level 20 in Axes
 31126 | Elf:2    | Reached skill level 15 in Fighting
 31136 | Elf:2    | Noticed Nikola
 31170 | Elf:2    | Killed Nikola
 31535 | Elf:3    | Entered Level 3 of the Elven Halls
 31674 | Elf:3    | Reached XP level 20. HP: 168/194 MP: 28/28
 32116 | Elf:3    | Identified the +8 halberd "Lycvyps" {venom, rF+ Int+2}
 32174 | Elf:3    | Identified the +11 spear of Logoorr {vorpal, +Blink rPois
                  | rC- Int+7}
 32175 | Elf:3    | Identified the +10 quarterstaff of Fragile Peace {venom,
                  | rN++ Str-3 Int+3 Dex+2}
 32199 | Elf:3    | Reached skill level 21 in Axes
 32244 | Elf:3    | Identified the ring "Luuzoran" {*Tele *Drain rN+ Dex+2}
 32310 | Elf:3    | Got a vibrating bone amulet
 32356 | Elf:3    | Identified the amulet "Boicont" {Spirit rPois Int+2} (You
                  | found it on level 3 of the Elven Halls)
 32392 | Elf:3    | Identified the Grimoire of Scorching Evil Arts
 32422 | Elf:3    | HP: 8/195 [tormentor[a deep elf demonologist] (4)]
 32443 | Elf:3    | Got a pair of shimmering gloves
 32454 | Elf:3    | Identified the +1 pair of gloves of Foaniq {Str+2} (You
                  | found it on level 3 of the Elven Halls)
 32468 | Elf:3    | Identified Tiorujow's Handbook of Cold
 32853 | Vaults:1 | Entered Level 1 of the Vaults
 33184 | Vaults:1 | Found Systuc's General Store.
 34483 | Vaults:2 | Reached skill level 22 in Axes
 34643 | Vaults:2 | You fall into a shaft and drop 1 floor!
 34678 | Vaults:3 | Reached XP level 21. HP: 205/205 MP: 28/28
 35214 | Vaults:2 | Found a staircase to the Crypt.
 36585 | Vaults:3 | Found Ysefisof's Weapon Emporium.
 37482 | Vaults:4 | Reached skill level 23 in Axes
 38015 | Vaults:4 | Reached XP level 22. HP: 145/217 MP: 27/27
 38719 | Vaults:5 | Entered Level 5 of the Vaults
 38753 | Vaults:5 | Noticed a golden dragon
 38753 | Vaults:5 | Noticed a golden dragon
 38757 | Vaults:5 | Noticed a golden dragon
 38766 | Vaults:5 | Reached skill level 24 in Axes
 39025 | Vaults:5 | Killed a golden dragon
 39106 | Vaults:5 | Killed a golden dragon
 39126 | Vaults:5 | Killed a golden dragon
 39126 | Vaults:5 | Reached XP level 23. HP: 151/228 MP: 28/28
 39185 | Vaults:5 | Identified the +2 robe of the Rose {rF+ rN+ MR+}
 39307 | Vaults:5 | Identified the ring "Inkinar" {rPois Str+6}
 39326 | Vaults:5 | Got a silver rune of Zot
 40036 | Vaults:5 | Identified Hoetuorr's Incunabulum of Mysticism
 40435 | Crypt:1  | Entered Level 1 of the Crypt
 40819 | Crypt:1  | Cast into level 2 of the Abyss (skeletal warrior)
 40847 | Crypt:1  | Escaped the Abyss
 41823 | Crypt:3  | Entered Level 3 of the Crypt
 41824 | Crypt:3  | Noticed Boris
 41853 | Crypt:3  | Killed Boris
 42047 | Crypt:3  | Found an ancient bone altar of Kikubaaqudgha.
 42149 | Crypt:3  | Noticed Jory
 42169 | Crypt:3  | Killed Jory
 42227 | Crypt:3  | Reached XP level 24. HP: 238/238 MP: 28/28
 42252 | Crypt:3  | Found a staircase to the Tomb.
 42254 | Crypt:3  | Found the +7 sceptre of Torment {pain, torment}
 42284 | Crypt:3  | Identified the Almanac of the Ashen Birds
 42491 | Crypt:3  | Found the +3 robe of Clouds {+Thunder rCloud rElec}
 43210 | Slime:1  | Entered Level 1 of the Pits of Slime
 43221 | Slime:1  | Gained mutation: You are dopey. (Int -2) [a shining eye]
 43232 | Slime:1  | Gained mutation: You are very dopey. (Int -4) [a shining
                  | eye]
 43235 | Slime:1  | Gained mutation: You are frail. (-10% HP) [a shining eye]
 43463 | Slime:2  | Gained mutation: You have a somewhat thin skeletal
                  | structure. (Dex +2, Stealth) [a shining eye]
 43739 | Slime:1  | Gained mutation: Your body sometimes deteriorates upon
                  | taking damage. [a shining eye]
 44477 | Slime:2  | Gained mutation: Your magical capacity is low. (-10% MP) [a
                  | shining eye]
 44485 | Slime:2  | Gained mutation: You are weak. (Str -2) [a shining eye]
 44649 | Slime:4  | Gained mutation: You occasionally shout uncontrollably at
                  | your foes. [a shining eye]
 44654 | Slime:4  | Gained mutation: Your body often deteriorates upon taking
                  | damage. [a shining eye]
 44666 | Slime:4  | Gained mutation: Your magical capacity is very low. (-20%
                  | MP) [a shining eye]
 45172 | Slime:5  | Entered Level 5 of the Pits of Slime
 45300 | Slime:5  | Gained mutation: You are occasionally teleported next to
                  | monsters. [a shining eye]
 45303 | Slime:5  | Gained mutation: You are very weak. (Str -4) [a shining
                  | eye]
 45329 | Slime:5  | Gained mutation: You are clumsy. (Dex -2) [a shining eye]
 45331 | Slime:5  | Gained mutation: Your magical capacity is extremely low.
                  | (-30% MP) [a shining eye]
 45392 | Slime:5  | Gained mutation: Scrolls take you a little longer to read.
                  | [a shining eye]
 45395 | Slime:5  | Gained mutation: You are very frail. (-20% HP) [a shining
                  | eye]
 45427 | Slime:5  | Reached XP level 25. HP: 201/201 MP: 9/17
 45435 | Slime:5  | Gained mutation: You are sometimes teleported next to
                  | monsters. [a shining eye]
 45446 | Slime:5  | Gained mutation: You are very clumsy. (Dex -4) [a shining
                  | eye]
 45520 | Slime:5  | Noticed the Royal Jelly
 45550 | Slime:5  | Killed the Royal Jelly
 45622 | Slime:5  | Identified the Catalogue of Enchanting Combat Magic
 45628 | Slime:5  | Got a slimy rune of Zot
 45637 | Slime:5  | Identified Sif Muna's Almanac of Unstable Unholy Arts
 45695 | Slime:5  | Got a steaming marble ring
 45698 | Slime:5  | Identified the ring of Eternal Night {EV+4 Int+2} (You
                  | found it on level 5 of the Pits of Slime)
 45745 | Slime:5  | Got a sparkling lapis lazuli ring
 45751 | Slime:5  | Identified the ring "Myuprai" {rF++ EV+4} (You found it on
                  | level 5 of the Pits of Slime)
 46292 | Depths:1 | Entered Level 1 of the Depths
 46503 | Depths:1 | Reached skill level 25 in Axes
 46544 | Depths:1 | Found a gateway to Hell.
 47733 | Depths:2 | Noticed Saint Roka
 47762 | Depths:2 | Killed Saint Roka
 48796 | Depths:3 | Reached skill level 26 in Axes
 48926 | Depths:3 | Paralysed by a floating eye for 2 turns
 48950 | Depths:3 | Reached XP level 26. HP: 207/207 MP: 17/17
 49126 | Depths:3 | Reached XP level 27. HP: 210/210 MP: 17/17
 49248 | Depths:3 | Found a one-way gate leading to the halls of Pandemonium.
 49330 | Depths:3 | Noticed an ancient lich
 49344 | Depths:3 | Killed an ancient lich
 50170 | Depths:4 | Got a pair of ichor-stained boots
 50173 | Depths:4 | Identified the +2 pair of boots of Icoodoff {Regen+ Str+3}
                  | (You found it on level 4 of the Depths)
 50329 | Depths:4 | Noticed a greater mummy
 50349 | Depths:4 | Killed a greater mummy
 50756 | Depths:4 | Found a one-way gate to the infinite horrors of the Abyss.
 50779 | Depths:5 | Entered Level 5 of the Depths
 50824 | Depths:5 | Identified the +2 arbalest of Unarul {flame, rC+ rN+}
 50876 | Depths:5 | Noticed Louise
 50894 | Depths:5 | Killed Louise
 51214 | Depths:5 | Noticed a juggernaut
 51225 | Depths:5 | Killed a juggernaut
 51232 | Depths:5 | Found a gate to the Realm of Zot.
 51248 | Depths:5 | Reached skill level 27 in Axes
 51458 | Depths:5 | Found a gateway to a ziggurat.
 52102 | Depths:5 | Voluntarily entered the Abyss.
 52837 | Abyss:1  | Gained mutation: Scrolls take you longer to read. [a
                  | cacodemon]
 52877 | Abyss:1  | Gained mutation: You are extremely frail. (-30% HP) [a
                  | neqoxec]
 52896 | Abyss:2  | Found a corrupted altar of Lugonu.
 52981 | Abyss:3  | Paralysed by accursed screaming for 1 turns
 53038 | Abyss:3  | Paralysed by accursed screaming for 1 turns
 53180 | Abyss:3  | Found a corrupted altar of Lugonu.
 53285 | Abyss:3  | Gained mutation: You are often teleported next to monsters.
                  | [a neqoxec]
 53369 | Abyss:5  | Entered Level 5 of the Abyss
 53512 | Abyss:5  | Paralysed by accursed screaming for 1 turns
 53600 | Abyss:5  | Noticed an ancient lich
 53610 | Abyss:5  | Killed an ancient lich
 53806 | Abyss:5  | Gained mutation: Scrolls take you much longer to read. [a
                  | neqoxec]
 53842 | Abyss:5  | Reached skill level 10 in Dodging
 53926 | Abyss:5  | Paralysed by accursed screaming for 1 turns
 53961 | Abyss:5  | Paralysed by accursed screaming for 1 turns
 53971 | Abyss:5  | Paralysed by accursed screaming for 1 turns
 54137 | Abyss:5  | Gained mutation: You sometimes yell uncontrollably at your
                  | foes. [a neqoxec]
 54224 | Abyss:5  | Paralysed by accursed screaming for 2 turns
 54228 | Abyss:5  | Paralysed by accursed screaming for 1 turns
 54277 | Abyss:5  | Paralysed by accursed screaming for 1 turns
 54282 | Abyss:5  | Paralysed by accursed screaming for 2 turns
 54285 | Abyss:5  | Paralysed by accursed screaming for 2 turns
 54289 | Abyss:5  | Paralysed by accursed screaming for 2 turns
 54325 | Abyss:5  | Paralysed by accursed screaming for 1 turns
 54359 | Abyss:5  | Paralysed by accursed screaming for 1 turns
 54797 | Abyss:5  | Paralysed by accursed screaming for 2 turns
 54804 | Abyss:5  | Paralysed by accursed screaming for 2 turns
 54815 | Abyss:5  | Paralysed by accursed screaming for 1 turns
 54907 | Abyss:5  | Lost mutation: You are very weak. (Str -4) [a neqoxec]
 55110 | Abyss:5  | Paralysed by accursed screaming for 1 turns
 55116 | Abyss:5  | Gained mutation: Your spells are a little easier to cast,
                  | but a little less powerful. [a neqoxec]
 55119 | Abyss:5  | Paralysed by accursed screaming for 1 turns
 55125 | Abyss:5  | Paralysed by accursed screaming for 1 turns
 55214 | Abyss:5  | Paralysed by accursed screaming for 1 turns
 55218 | Abyss:5  | Paralysed by accursed screaming for 1 turns
 55295 | Abyss:5  | Gained mutation: You are very weak. (Str -4) [a neqoxec]
 55307 | Abyss:5  | Paralysed by accursed screaming for 1 turns
 55658 | Abyss:5  | Found a glowing golden altar of the Shining One.
 55711 | Abyss:5  | Noticed a juggernaut
 55724 | Abyss:5  | Killed a juggernaut
 55753 | Depths:5 | Escaped the Abyss
 55825 | Pan      | Entered Pandemonium
 55835 | Pan      | Gained mutation: You tend to lose your temper in combat. [a
                  | neqoxec]
 55840 | Pan      | Gained mutation: Armour fits poorly on your strangely
                  | shaped body. [a neqoxec]
 55861 | Pan      | Cast into level 3 of the Abyss (gelid corrupter)
 56304 | Pan      | Escaped the Abyss
 56348 | Pan      | Noticed Ferghoor the pandemonium lord
 56358 | Pan      | Killed Ferghoor the pandemonium lord
 57108 | Pan      | Entered the realm of Cerebov.
 57208 | Pan      | Reached skill level 15 in Dodging
 57711 | Pan      | Identified the +6 sword of Cerebov {flame}
 57711 | Pan      | Noticed Cerebov
 57874 | Pan      | Mangled by Cerebov

Illustrated notes

Levels and vault maps discovered:
D:1:      minmay_arrival_split_and_join, layout_basic, minmay_octomino_c4
D:2:      layout_rooms, fedhas_ov_isle_minmay, chequers_ecumenical_altar_lobes,
          minmay_snake_closets, uniq_jessica
D:3:      layout_basic, nicolae_overflow_crystal_walls, portal_sewer_entry_c,
          minmay_bisected
D:4:      layout_basic, lemuel_doored_altar, old_standard_altar,
          okawaru_ov_weapons_minmay, first_ration
D:5:      layout_loops_ring, dancing_weapons_uskayaw, minmay_temple_entry_waves
D:6:      layout_basic, trog_three_pillars_becter, uniq_crazy_yiuf_cottage
D:7:      layout_gridville, serial_shops, shop_fountains
D:8:      layout_cave_pools, chequers_temple_overflow_statue_of_worship,
          enter_ossuary_4, serial_shops,
          nicolae_shop_temple_entry_statues_fountains, basic_altar,
          hangedman_pestilent_swarm
D:9:      layout_roguey [special_room_bee], makhleb_heckhound_becter,
          kennysheep_orc_monster_closet_entryway, corexii_hall_statues_s,
          minivault_22
D:10:     layout_basic, basic_altar, minivault_20, minmay_misc_feat_room,
          uniq_gastronok, uniq_fannar, uniq_snorg
D:11:     layout_irregular_city, david_lair_generic, uniq_maurice
D:12:     layout_basic, st_stairs_11, minmay_misc_feat_nine_boxes
D:13:     layout_big_octagon, lightli_vaults_fourway_checkpoint, pond
D:14:     minmay_the_grid_triangle_9x9_recursive_3_mashed
          [minmay_the_grid_triangle_9x9_intruding_spiral,
          minmay_the_grid_triangle_9x9_zippers_vertical,
          minmay_the_grid_triangle_9x9_minimal,
          minmay_the_grid_triangle_9x9_prize_special,
          minmay_the_grid_triangle_9x9_swiss_cheese,
          minmay_the_grid_triangle_9x9_windchime,
          minmay_the_grid_triangle_9x9_thin_v,
          minmay_the_grid_triangle_9x9_negative_grid,
          minmay_the_grid_triangle_9x9_zippers_horizontal], layout_rooms,
          serial_shops, shop, hangedman_abyss_or_decor_jellyfish_corner,
          minmay_large_rounded_square
D:15:     gammafunk_enter_depths_forms, layout_irregular_city,
          portal_ice_cave_entry_pillars_2, ebering_dispersal_statue_hall
Temple:   nicolae_temple_figure_eight
Lair:1:   layout_concentric_octagons, serial_bayou_pond_e,
          gammafunk_lair_bear_cave, uniq_maggie
Lair:2:   layout_small_grid, st_stairs_11, infiniplex_staircase_pool
Lair:3:   layout_chaotic_city, minmay_swamp_entry_wisps,
          guppyfry_snake_entry_garden, uniq_rupert
Lair:4:   layout_loops_ring
Lair:5:   gammafunk_cloud_chamber, layout_layer_cave, minmay_lair_drake_nest,
          uniq_nessos
Lair:6:   wormcave, layout_misc_corridors, nicolae_slime_entry_slimehenge,
          grunt_megastairs_3, lemuel_fruit_fields
Swamp:1:  layout_basic_swamp, evilmike_swamp_ruin_house_4, swamp_pool1
Swamp:2:  layout_basic_swamp, evilmike_swamp_ruin_rubble_1
Swamp:3:  cheibrodos_swamp_mausoleum, layout_basic_swamp, gammafunk_ghost_arena,
          serial_swamp_ruin, evilmike_swamp_ruin_rubble_2,
          evilmike_swamp_ruin_house_6, swamp_pool4, hangedman_swamp_pad
Swamp:4:  swamp, layout_basic_swamp, infiniplex_staircase_pool_2
Snake:1:  layout_misc_corridors, ebering_ghost_reflecting_pool,
          grunt_ministairs_8, guppyfry_library_mini, minmay_shop_grove
Snake:2:  layout_cave_shapes
Snake:3:  layout_rooms, basic_altar, st_stairs_11, hangedman_venom_bottle,
          lemuel_fruit_tree, uniq_vashnia, uniq_bai_suzhen, uniq_agnes
Snake:4:  snake_pit, layout_layer_cave
Slime:1:  layout_caves
Slime:2:  layout_caves
Slime:3:  layout_caves
Slime:4:  layout_caves
Slime:5
Orc:1:    layout_caves
Orc:2:    pubby_orc_utopia
Elf:1:    minmay_elf_arrival_circle, layout_geoelf_diagonals, basic_altar,
          orc_legates, st_stairs_11, nicolae_elf_stone_circles
Elf:2:    layout_geoelf_diagonals, serial_shops, shop_fountains, shop,
          nicolae_shop_statue_plus, nicolae_shop_trees, shop, uniq_louise,
          uniq_nikola
Elf:3:    minmay_elf_hall_furrowed, layout_gridlike
Vaults:1: hangedman_vaults_cutoff, nicolae_vaults_border_crossing, v_rooms_3,
          vaults_dpeg_cross, vaults_dpeg_ring, ontoclasm_vaults_chip,
          serial_ice_g, nicolae_vaults_little_squares_6,
          hangedman_vaults_variations, ontoclasm_vaults_ligature,
          ontoclasm_vaults_ring_small, layout_vaults_big_room, serial_shops,
          nicolae_shop_temple_entry_statues_fountains
Vaults:2: vaults_dpeg_spiral, nicolae_vaults_circle_grid_b,
          minmay_crypt_entry_simple_plaza, v_misc_2,
          nicolae_vaults_fighting_squares, grunt_vaults_diagonal,
          hangedman_vaults_stretched_pinwheel, v_misc_28,
          nicolae_vaults_asterisk, nicolae_vaults_windows_and_doors_thing,
          v_misc_32, v_misc_4, nicolae_vaults_network_barrier,
          ontoclasm_vaults_bender, vaults_room_pools,
          ontoclasm_vaults_misaligned, layout_vaults_omnibox
Vaults:3: v_misc_9, nicolae_vaults_network_s, hangedman_vaults_nodes,
          vaults_room_hallway, ontoclasm_vaults_idyll, vaults_dpeg_diagonal,
          layout_vaults_omnigrid, serial_shops, nicolae_shop_trees
Vaults:4: v_misc_9, dpeg_vaults_pockets_of_resistance, v_misc_8,
          vaults_room_octagon, vaults_room_ringed_pool, hangedman_vaults_pinch,
          ontoclasm_vaults_eye, ontoclasm_vaults_idyll, v_pattern_2, v_rooms_4,
          v_misc_16, hangedman_vaults_cutoff, ontoclasm_vaults_decontamination,
          vaults_room_door_ring, layout_vaults_ring
Vaults:5
Crypt:1:  layout_chaotic_city, corexii_hall_statues_t, corner_web_ring
Crypt:2:  layout_misc_corridors
Crypt:3:  grunt_crypt_end_deaths_head, uniq_jory, uniq_boris
Depths:1: four-leaf_vault, layout_twisted_cross, fountainhead,
          hangedman_coc_ice_floe, minmay_misc_feat_cross, serial_bayou_lagoon_b
Depths:2: minmay_tri_box, layout_cave_pools, pf_vacation_house_of_asmodeus,
          kennysheep_decorative_pillar, uniq_saint_roka
Depths:3: lemuel_river_lethe, hell_entry, serial_shops, pan_entry
Depths:4: lemuel_minitomb, layout_cave_shapes, rand_demon_pan_entry_9,
          chequers_serial_rivers_large_b, abyss_entry_small_statue_room,
          pf_hell_entry_tar_river, serial_sigils_hangedman_leer,
          infiniplex_staircase_diamond
Depths:5: grunt_zot_entry_tricorne, layout_gridlike, enter_ziggurat_c,
          nrook_pool_corridor, nicolae_abyss_entry_one_way_or_another,
          lightli_too_deep, nrook_loot_triangle, kennysheep_random_hallway
Pan:      rand_demon_2, layout_irregular_city, pan_blood_fountain_small,
          cerebov_st, layout_irregular_city

Skill      XL: |  1  2  3  4  5  6  7  8  9 10 11 12 13 14 15 16 17 18 19 20 21 22 23 24 25 26 27 |
---------------+----------------------------------------------------------------------------------+-----
Axes           | 3 4 5 6 8 10 11 13 14 15 16 18 19 20 22 23 24 26 27 | 27.0
Fighting       | 3 4 5 6 7 8 9 10 11 12 13 14 15 16 17 18 19 20 23 | 23.2
Shields        | 4 5 6 7 9 10 11 12 13 14 15 16 17 18 19 20 21 22 23 24 26 | 26.4
Armour         | 4 5 6 7 9 10 11 12 13 14 15 16 17 18 19 20 21 22 23 26 | 26.6
Invocations    | 2 5 8 9 11 12 14 15 22 | 22.0
Dodging        | 4 7 8 15 | 15.2

Action                   |  1- 3 |  4- 6 |  7- 9 | 10-12 | 13-15 | 16-18 | 19-21 | 22-24 | 25-27 || total
-------------------------+-------+-------+-------+-------+-------+-------+-------+-------+-------++-------
Melee: War axe           |   119 |   256 |   101 |       |       |       |       |       |       ||   476
       Hand axe          |       |       |   345 |       |       |       |       |       |       ||   345
       Broad axe         |       |       |   112 |   868 |  1546 |  1632 |  1584 |  1660 |  3811 || 11213
       Morningstar       |       |       |       |     6 |    39 |       |       |       |       ||    45
Throw: Dart              |       |       |       |     1 |       |       |       |       |       ||     1
Invok: Greater Servant o |       |       |       |       |       |     1 |       |     1 |       ||     2
 Abil: Heal Wounds       |       |     2 |     7 |     8 |     1 |       |     8 |       |    21 ||    47
Evoke: Wand              |       |       |       |     9 |       |       |       |       |     1 ||    10
  Use: Scroll            |       |    10 |    10 |     6 |    17 |    10 |     9 |     6 |    20 ||    88
       Potion            |       |       |       |       |       |     1 |     1 |       |     1 ||     3
 Stab: Confused          |       |       |       |       |       |     3 |       |       |       ||     3
       Distracted        |       |       |       |       |       |       |     1 |     1 |     3 ||     5
       Invisible         |       |       |       |       |       |       |       |       |     1 ||     1
  Eat: Chunk             |     1 |     7 |    17 |    17 |    27 |    20 |    29 |    12 |    25 ||   155
       Ration            |       |       |       |       |     2 |     3 |       |     4 |     7 ||    16
Armor: Chain mail        |    69 |    75 |       |       |   259 |   813 |    67 |       |       ||  1283
       Scale mail        |     2 |       |       |       |       |       |   213 |   202 |       ||   417
       Plate armour      |       |   133 |   346 |   589 |   417 |       |       |       |       ||  1485
       Gold dragon scale |       |       |       |       |       |       |       |   396 |  1425 ||  1821
Dodge: Dodged            |    27 |    57 |    80 |   239 |   292 |   410 |   266 |   313 |  1015 ||  2699
Block: Kite shield       |    70 |   159 |   345 |   706 |   527 |       |       |       |       ||  1807
       Tower shield      |       |       |       |       |   780 |  2006 |  1369 |  1705 |  4203 || 10063
